 Dungeon Crawl Stone Soup version 0.32-a0-361-g289a535 (webtiles) character file.

Game seed: 16968211606540231684

6365 edsrzf the Carver (level 10, -15/76 HPs)
             Began as a Coglin Gladiator on Feb 18, 2024.
             Was a Believer of Ashenzari.
             Demolished by an orc warlord
             ... wielding a +6 battleaxe
              (26 damage)
             ... in a bailey.
             The game lasted 00:25:34 (9192 turns).

edsrzf the Carver (Coglin Gladiator)                Turns: 9192, Time: 00:25:34

Health: -15/76     AC: 16    Str: 22    XL:     10   Next: 97%
Magic:  10/10      EV: 17    Int: 12    God:    Ashenzari [**....]
Gold:   556        SH:  0    Dex: 19    Spells: 9/9 levels left

rFire   . . .        a - +0 long sword "Distant Unpleasantness" {Pete, Fort, Dev} (curse)
rCold   . . .        b - +2 dagger (drain) {Zihan}
rNeg    . . .        d - +4 ring mail of the Ensconced Oracle {rPois, Fort, Melee} (curse)
rPois   +            E - +0 helmet of Aduprab {Int+3 Dex+4}
rElec   .            (no cloak)
rCorr   .            p - +1 pair of gloves of Panopticon {Harm Str+4, Melee, Self} (curse)
SInv    +            f - +0 pair of boots
Will    .....        (no amulet) Stlth
                     n - +5 ring of evasion
HPRegen 0.32/turn    (no ring)
MPRegen 0.12/turn

%: harm (+30% outgoing, +20% incoming)
@: confused, ambrosia-drunk
A: off-hand wielding, slow wielding, warmup strikes, warmup strides
a: Renounce Religion, Curse Item, Shatter the Chains


You were in a bailey.
You worshipped Ashenzari.
Ashenzari was pleased with you.
You visited 1 branch of the dungeon, and saw 9 of its levels.
You also visited: Bailey.

You collected 556 gold pieces.

Inventory:

Hand Weapons
 a - the cursed +0 long sword "Distant Unpleasantness" (weapon) {Pete, Fort, Dev}

   It has a curse which improves the following skills: Fortitude: Armour and
   Shields.
   Devices:   Evocations and Shapeshifting.
 b - a +2 dagger of draining (worn) {Zihan}
Missiles
 r - 3 datura-tipped darts
 t - a javelin
 x - 17 poisoned darts (quivered)
Armour
 d - the cursed +4 ring mail of the Ensconced Oracle (worn) {rPois, Fort, Melee}
   (You found it on level 6 of the Dungeon)

   It has a curse which improves the following skills: Fortitude: Armour and
   Shields.
   Melee Combat: Short Blades, Long Blades, Axes, Maces & Flails, Polearms,
   Staves and Unarmed Combat.
 f - a +0 pair of boots (worn)
 p - the cursed +1 pair of gloves of Panopticon (worn) {Harm Str+4, Melee, Self}
   (You found it on level 2 of the Dungeon)

   Str+4:     It affects your strength (+4).
   Harm:      It increases damage dealt and taken.
   It has a curse which improves the following skills: Melee Combat: Short
   Blades, Long Blades, Axes, Maces & Flails, Polearms, Staves and Unarmed
   Combat.
   Introspection: Fighting and Spellcasting.
 E - the +0 helmet of Aduprab (worn) {Int+3 Dex+4}
   (You took it off Robin on level 2 of the Dungeon)

   Int+3:     It affects your intelligence (+3).
   Dex+4:     It affects your dexterity (+4).
Jewellery
 m - a ring of fire
 n - a +5 ring of evasion (left grasper)
 y - an amulet of the acrobat
Wands
 e - a wand of polymorph (9)
 s - a wand of flame (43)
 v - a wand of charming (3)
Scrolls
 g - 6 scrolls of identify {@r1}
 i - 3 scrolls of poison
 j - 2 scrolls of immolation
 k - a scroll of enchant armour
 l - a scroll of teleportation {@r3}
 o - a scroll of brand weapon
 q - 2 scrolls of enchant weapon
 u - 2 scrolls of fog
 C - a scroll of revelation
Potions
 h - 2 potions of invisibility
 w - 2 potions of mutation {!q}
 A - 2 potions of brilliance
 D - a potion of enlightenment


   Skills:
 - Level 5.0(6.1) Fighting
 + Level 13.2(14.8) Long Blades
 - Level 1.7 Throwing
 - Level 7.1(8.9) Armour
 - Level 2.6 Dodging
 - Level 4.5(5.6) Evocations


You had 9 spell levels left.
You didn't know any spells.
Your spell library contained the following spells:

 Spells                   Type           Power      Damage    Failure   Level
 Sandblast                Erth           0%         2d4       43%         1
 Lesser Beckoning         Tloc           0%         N/A       58%         2
 Gell's Gravitas          Tloc           0%         N/A       82%         3
 Inner Flame              Hex/Fire       0%         N/A       82%         3
 Passwall                 Erth           0%         N/A       82%         3
 Stone Arrow              Conj/Erth      0%         3d7       82%         3
 Teleport Other           Tloc           0%         N/A       82%         3
 Brom's Barrelling Bould  Conj/Erth      0%         2d3       99%         4
 Flame Wave               Conj/Fire      0%         2d4       99%         4
 Sticky Flame             Fire/Alch      0%         2d4       99%         4


Dungeon Overview and Level Annotations

Branches:
Dungeon (9/15)             Temple (0/1) D:5          Bailey (1/1)
   Lair: D:8-11         Orc: D:9-12

Altars:
Ashenzari
Makhleb
Qazlal
Vehumet

Shops:
D:1 =

Annotations:
D:7 3 runed translucent doors, syon's ghost, novice MiBe


Innate Abilities, Weirdness & Mutations

You can wield a second weapon in your off-hand.
It takes a long time for you to wield or remove held weapons.
Your first few attacks do less damage.
Your first movements take longer.


Message History

r - 3 datura-tipped darts (gained 1)
r - 4 datura-tipped darts (gained 1)
A goblin comes into view. It is wielding a +0 hand axe.
You closely miss the goblin with the cursed +0 long sword "Distant Unpleasantness".
You barely miss the goblin with your +2 dagger of draining.
You hit the goblin with the cursed +0 long sword "Distant Unpleasantness".
You kill the goblin!
No target in view!
An orc warrior and an orc come into view.
Found a scroll of teleportation.
The orc warrior shouts!
The orc shouts!
You hear a shout!
An orc warrior comes into view. It is wielding a +0 hand axe.
A hobgoblin comes into view. It is wielding a +0 war axe.
The orc warrior moves out of view.
Things that are here:
a +0 hand axe; a +0 leather armour Throw: 4 darts (datura)
Press: ? - help, Shift-Dir - straight line, f - orc warrior
Aim: an orc warrior, wielding a +0 broad axe and wearing a +0 ring mail (55% to hit, chance to frenzy on hit: 61%)
You throw a datura-tipped dart.
The datura-tipped dart hits the orc warrior.
The orc warrior flies into a frenzy!
The hobgoblin shouts!
You hear a shout!
A goblin comes into view. It is wielding a +0 war axe.
You close the door.
You feel a bit more experienced. x2
You feel a bit more experienced.
You hear a shout!
You feel a bit more experienced.
You feel a bit more experienced.
There is an open door here.
You feel a bit more experienced.
You feel a bit more experienced.
You feel a bit more experienced.
You barely miss the orc with the cursed +0 long sword "Distant Unpleasantness".
You hit the orc with your +2 dagger of draining.
You drain the orc.
You kill the orc!
You start waiting.
An orc warlord comes into view. It is wielding a +6 battleaxe.
Aiming: Mindburst
Press: ? - help, Shift-Dir - straight line, f - orc warlord
Aim: an orc warlord, wielding a +6 battleaxe and wearing a +0 crystal plate armour (wandering, hasn't noticed you, chance to affect: 51%)
Okay, then.
Unknown command.
Okay, then.
Okay, then.
Aiming: Mindburst
Press: ? - help, Shift-Dir - straight line, f - orc warlord
Aim: an orc warlord, wielding a +6 battleaxe and wearing a +0 crystal plate armour (wandering, hasn't noticed you, chance to affect: 51%)
The orc warlord shouts!
The orc warlord's mind is blasted!!
Aiming: Mindburst
Press: ? - help, Shift-Dir - straight line, f/p - orc warlord
Aim: an orc warlord, wielding a +6 battleaxe and wearing a +0 crystal plate armour (moderately wounded, chance to affect: 51%)
The orc warlord resists with significant effort.
Aiming: Mindburst
Press: ? - help, Shift-Dir - straight line, f/p - orc warlord
Aim: an orc warlord, wielding a +6 battleaxe and wearing a +0 crystal plate armour (moderately wounded, chance to affect: 51%)
The orc warlord resists with significant effort.
The now-empty wand crumbles to dust.
Aiming: Polymorph
Press: ? - help, Shift-Dir - straight line, f/p - orc warlord
Aim: an orc warlord, wielding a +6 battleaxe and wearing a +0 crystal plate armour (moderately wounded, will become a purple draconian, a catoblepas, or a red draconian, chance to affect: 28%)
Okay, then.
Unknown command.
The air fills with toxic fumes!
As you read the scroll of poison, it crumbles to dust.
You slash the orc warlord with the cursed +0 long sword "Distant Unpleasantness"!
The orc warlord is moderately wounded.
You barely miss the orc warlord with your +2 dagger of draining.
The orc warlord is engulfed in poison gas.
The orc warlord is poisoned.
The orc warlord hits you with a +6 battleaxe!!
Okay, then.
You slash the orc warlord with the cursed +0 long sword "Distant Unpleasantness"!
The orc warlord is heavily wounded.
You hit the orc warlord but do no damage.
The orc warlord is engulfed in poison gas.
The orc warlord looks even sicker.
The orc warlord hits you with a +6 battleaxe!
You feel better.
The orc warlord is engulfed in poison gas.
The orc warlord looks even sicker.
The orc warlord hits you with a +6 battleaxe!!
* * * LOW HITPOINT WARNING * * *
Okay, then.
Okay, then.
Okay, then.
You are confused.
You feel invigorated.
The orc warlord is engulfed in poison gas.
The orc warlord looks as sick as possible!
The orc warlord hits you with a +6 battleaxe!
* * * LOW HITPOINT WARNING * * *
The orc warlord looks as sick as possible!
The orc warlord is engulfed in poison gas.
The orc warlord looks as sick as possible!
The orc warlord hits you with a +6 battleaxe!!
You die...

## ### ###.### ###§###
###.....### ###§§§§§###
#.......§§###§§§☼§§§§§##
........§§§#§§§☼§§§§§§§#
..........§☼§§§§§§☼§§§§#
.....⌠.....#§§§☼☼§§§§§§#
...........#§.§o@☼§☼§§§#
...........#§§§.§§§§§§§#
#.).......###§§§§§§§§☼###
#'#.....###
###§§§§§#§#.### ♣♣♣♣
.{###.###
###§###.)...###♣.♣. ..
### ###.........##... .o
#...........#... ..
#.......)...'... g.
#.....⌠.)...'..∩


You could see an orc warlord (extremely poisoned).

Vanquished Creatures
  2 orc knights (Bailey)
  2 hornets
  Sigmund (D:2)
  A wyvern (D:7)
  4 yaks (D:8)
  2 steam dragons
  2 water moccasins
  An acid dragon (D:8)
  Duvessa (D:5)
  2 ice beasts
  3 orc warriors (Bailey)
  A sky beast (D:6)
  4 black bears
  3 ogres
  2 centaurs (D:8)
  2 phantoms
  2 kobold brigands (D:8)
  3 bullfrogs (D:7)
  A wight (D:7)
  7 howler monkeys
  3 bombardier beetles
  2 hounds
  A jelly (D:7)
  4 orc priests
  Crazy Yiuf (D:4)
  A gnoll bouda (D:7)
  4 iguanas
  4 sleepcaps
  Ijyb (D:3)
  An orc wizard (D:7)
  Robin (D:2)
  12 adders
  9 gnolls
  A shadow imp (D:8)
  8 ufetubi
  2 dart slugs
  3 ribbon worms
  17 orcs
  7 ball pythons
  6 bats
  5 endoplasms
  2 giant cockroaches
  22 goblins
  16 hobgoblins
  17 jackals
  13 kobolds
  3 quokkas
  5 frilled lizards
  5 rats
222 creatures vanquished.

Vanquished Creatures (collateral kills)
  2 orc warriors (Bailey)
  An iguana (D:6)
  A gnoll (Bailey)
  An orc (Bailey)
  A goblin (Bailey)
  2 hobgoblins (Bailey)
8 creatures vanquished.

Vanquished Creatures (others)
  An orc warrior (Bailey)
1 creature vanquished.

Grand Total: 231 creatures vanquished

Notes
Turn   | Place    | Note
-------+----------+-------------------------------------------
     0 | D:1      | edsrzf the Coglin Gladiator began the quest for the Orb.
     0 | D:1      | Reached XP level 1. HP: 16/16 MP: 1/1
    27 | D:1      | Reached XP level 2. HP: 11/23 MP: 2/2
   179 | D:1      | Found a faded altar of an unknown god.
   257 | D:1      | Reached XP level 3. HP: 28/28 MP: 3/3
   372 | D:1      | Reached skill level 3 in Fighting
   444 | D:1      | Prayed at the altar of an unknown god.
   444 | D:1      | Became a worshipper of Ashenzari the Shackled
   618 | D:1      | Reached XP level 4. HP: 35/35 MP: 4/4
   666 | D:1      | Found Murunwoz's Jewellery Shoppe.
   759 | D:1      | Reached skill level 4 in Long Blades
   878 | D:2      | Noticed Sigmund
  1120 | D:2      | Identified 2 scrolls of identify
  1120 | D:2      | Identified a potion of curing
  1121 | D:2      | Identified 2 scrolls of immolation
  1122 | D:2      | Killed Sigmund
  1123 | D:2      | Reached skill level 4 in Fighting
  1123 | D:2      | Reached skill level 5 in Long Blades
  1123 | D:2      | Reached XP level 5. HP: 6/43 MP: 5/5
  1123 | D:2      | Reached XP level 6. HP: 7/49 MP: 6/6
  1438 | D:2      | Identified the +0 helmet of Aduprab {Int+3 Dex+4}
  1438 | D:2      | Noticed Robin
  1456 | D:2      | Killed Robin
  1600 | D:2      | Identified the +1 pair of gloves of Yredelemnul's Grace
                  | {Harm Str+4}
  1794 | D:3      | Reached * piety under Ashenzari
  1794 | D:3      | Identified a potion of ambrosia
  1794 | D:3      | Identified a scroll of fear
  1794 | D:3      | Identified a scroll of poison
  1794 | D:3      | Identified a scroll of enchant armour
  1794 | D:3      | Identified a scroll of teleportation
  2092 | D:3      | Identified a scroll of enchant weapon
  2631 | D:3      | Reached skill level 5 in Fighting
  2673 | D:3      | Noticed Ijyb
  2692 | D:3      | Killed Ijyb
  2693 | D:3      | Reached skill level 1 in Evocations
  2856 | D:4      | Reached skill level 1 in Armour
  2856 | D:4      | Reached skill level 2 in Evocations
  2856 | D:4      | Reached XP level 7. HP: 17/56 MP: 7/7
  3160 | D:4      | Reached skill level 2 in Armour
  3160 | D:4      | Reached skill level 3 in Evocations
  3217 | D:4      | Identified a scroll of fog
  3418 | D:5      | Entered Level 5 of the Dungeon
  3418 | D:5      | Identified a potion of mutation
  3468 | D:5      | Identified a potion of degeneration
  3479 | D:5      | Reached skill level 4 in Evocations
  3602 | D:5      | Reached skill level 3 in Armour
  3630 | D:5      | Reached XP level 8. HP: 48/62 MP: 8/8
  3660 | D:5      | Noticed Duvessa
  3664 | D:5      | Noticed Dowan
  3672 | D:5      | Killed Duvessa
  3673 | D:5      | Reached skill level 6 in Long Blades
  3673 | D:5      | Dowan changed into Dowan the gnoll
  3673 | D:5      | Noticed Dowan
  3683 | D:5      | Killed Dowan the gnoll
  3780 | D:5      | Reached skill level 4 in Armour
  4083 | D:5      | Identified a potion of heal wounds
  4137 | D:5      | Found a staircase to the Ecumenical Temple.
  4208 | D:5      | Identified 2 potions of invisibility
  4391 | D:4      | Reached skill level 7 in Long Blades
  4391 | D:4      | Reached skill level 5 in Armour
  4447 | D:4      | Found a radiant altar of Vehumet.
  4494 | D:4      | Reached ** piety under Ashenzari
  4626 | D:4      | Found a runed translucent door.
  4627 | D:4      | Noticed Crazy Yiuf
  4627 | D:4      | Identified the +7 hammer "Piacirom" {drain, *Corrode rN+
                  | Str+4 Int+8}
  4636 | D:4      | Killed Crazy Yiuf
  5609 | D:6      | Reached XP level 9. HP: 46/69 MP: 9/9
  5686 | D:6      | Identified a scroll of noise
  6009 | D:6      | Reached skill level 6 in Armour
  6017 | D:6      | Reached skill level 8 in Long Blades
  6396 | D:6      | Identified a scroll of brand weapon
  6423 | D:6      | Identified a potion of brilliance
  6628 | D:7      | Noticed a hornet
  6636 | D:7      | Killed a hornet
  6677 | D:7      | Found a burning altar of Makhleb.
  6838 | D:7      | Reached skill level 7 in Armour
  6876 | D:7      | Reached skill level 9 in Long Blades
  7081 | D:7      | Found a runed translucent gate.
  7082 | D:7      | Found a runed translucent gate.
  7083 | D:7      | Found a runed translucent gate.
  7084 | D:7      | Noticed syon's ghost (novice MiBe)
  7084 | D:7      | Noticed a spectral unseen horror
  7304 | D:7      | Reached skill level 10 in Long Blades
  7304 | D:7      | Reached XP level 10. HP: 76/76 MP: 10/10
  7668 | D:7      | Found a broken altar of Ashenzari.
  7672 | D:7      | Found a stormy altar of Qazlal.
  8200 | D:8      | Identified the +11 quarterstaff "Goblinslayer" {flame,
                  | rPois rF+ rC+}
  8241 | D:8      | Reached skill level 11 in Long Blades
  8331 | D:8      | Identified a scroll of revelation
  8352 | D:8      | Identified the +8 quarterstaff of the Distant Future
                  | {antimagic, Fly}
  8517 | D:8      | Identified a potion of enlightenment
  8823 | D:9      | Reached skill level 12 in Long Blades
  8824 | D:9      | Found a flagged portal.
  8838 | Bailey   | Entered a bailey
  8867 | Bailey   | Noticed an orc knight
  8884 | Bailey   | Killed an orc knight
  8900 | Bailey   | Noticed an orc knight
  8922 | Bailey   | Killed an orc knight
  9092 | Bailey   | Reached skill level 13 in Long Blades
  9183 | Bailey   | Noticed an orc warlord
  9191 | Bailey   | HP: 2/76 [orc warlord/+6 battleaxe (15)]
  9192 | Bailey   | Demolished by an orc warlord

Illustrated notes

Levels and vault maps discovered:
D:1:      erik_arrival_blinker_ship, layout_basic,
          shapermc_ecumenical_altar_flowoftime, serial_shops, shop,
          minmay_misc_feat_ornament, minmay_tall_x
D:2:      layout_basic, nicolae_half_adder, uniq_robin, uniq_sigmund
D:3:      kennysheep_goblin_castle, layout_basic
D:4:      layout_basic, vehumet_crystals, uniq_crazy_yiuf_cottage
D:5:      layout_loops_ring, minmay_temple_entry_gardened_gates, uniq_ijyb,
          uniq_duvessa
D:6:      layout_basic
D:7:      minmay_inner_zag, layout_gridville, bloody_makhleb,
          nicolae_overflow_hidden_temple, gammafunk_ghost_necromancy,
          nicolae_concentric_dashed_squares_mild, grunt_ministairs_15
D:8:      layout_rooms
D:9:      layout_basic, nicolae_overflow_crystal_walls, enter_bailey_2,
          minmay_diced_spiral, uniq_harold
Bailey:   bailey_axe_minmay_hex_keep, bailey

Skill      XL: |  1  2  3  4  5  6  7  8  9 10 |
---------------+-------------------------------+-----
Fighting       | 3 4 5 |  5.0
Long Blades    | 5 7 10 13 | 13.2
Evocations     | 2 4 |  4.5
Armour         | 1 3 5 7 |  7.1
Throwing       | |  1.7
Dodging        | |  2.6

Action                     |  1- 3 |  4- 6 |  7- 9 | 10-12 || total
---------------------------+-------+-------+-------+-------++-------
  Melee: Long sword        |    84 |   164 |   360 |   226 ||   834
         Dagger            |       |       |       |    81 ||    81
  Throw: Javelin           |       |     1 |     1 |       ||     2
         Throwing net      |       |       |     5 |       ||     5
         Dart              |       |       |    21 |    26 ||    47
 Invoke: Curse Item        |     1 |     1 |     1 |     1 ||     4
         Shatter the Chain |       |       |     1 |       ||     1
  Evoke: Wand              |       |       |     3 |     5 ||     8
    Use: Scroll            |       |     2 |     2 |     2 ||     6
         Potion            |       |       |     6 |     2 ||     8
   Stab: Sleeping          |     1 |     4 |     3 |       ||     8
         Distracted        |       |     1 |       |       ||     1
         Held in net/web   |       |       |     1 |       ||     1
 Armour: Leather armour    |    46 |    35 |       |       ||    81
         Robe              |       |    61 |   188 |       ||   249
         Ring mail         |       |       |    62 |   102 ||   164
  Dodge: Dodged            |    91 |   112 |   379 |   171 ||   753

Table legend: (Time is in decaauts)
 A = Elapsed time spent in this place.
 B = Non-inter-level travel time spent in this place.
 C = Inter-level travel time spent in this place.
 D = Time resting spent in this place.
 E = Time spent auto-exploring this place.
 F = Levels seen in this place.
 G = Mean time per level.
                   A        B        C        D        E       F      G
               +--------+--------+--------+--------+--------+-----+--------+
         Total |   9560 |   9058 |    502 |   1235 |   5707 |  10 |  956.0 |
       Dungeon |   9203 |   8701 |    502 |   1111 |   5647 |   9 | 1022.6 |
        Bailey |    356 |    356 |      0 |    124 |     60 |   1 |  356.0 |
               +--------+--------+--------+--------+--------+-----+--------+

Top non-repeatable levels by time:
     D:4: 1644 daAuts
     D:7: 1558 daAuts
     D:5: 1204 daAuts
     D:2: 1072 daAuts
     D:6: 1066 daAuts
     D:3: 1066 daAuts
     D:1: 840 daAuts
     D:8: 709 daAuts
  Bailey: 356 daAuts
     D:9: 39 daAuts
